AoeStats
← Reis

Arena

507333036Analyzed
4v4 RM · 15d ago on Sep 17, 2026· 33m 42s· 8 players
Game mode
Random Map
Map size
Large (8 player)
Population
200
Speed
Normal
Resources
Standard
Victory
Conquest
Starting age
Dark Age
Ending age
Imperial Age
RankedLock teamsTeams togetherTeam positionsShared explorationLock speedFull tech treeHidden civsTurbo modeCheats
Victory
Defeat
🇫🇷 Hindustanis · France
1378
+16
🇬🇧 Lithuanians · United Kingdom
1351
+17
🇨🇭 Bulgarians · Switzerland
1344
+17
🇩🇪 Vietnamese · Germany
1322
+18
🇺🇸 Koreans · United States
1401
-18
🇫🇷 Huns · France
1395
-18
🇩🇪 Jurchens · Germany
1386
-18
🇺🇸 Cumans · United States
1290
-14
ryocallan
9:57 Feudal Age
14:00 Castle Age
12:30 Double-Bit Axe
15:29 Bow Saw
22:05 Wheelbarrow
22:15 Wheelbarrow
21:26 Loom
21:26 Town Watch
23:52 Horse Collar
25:13 Sanctity
25:37 Scale Mail Armor
30:19 Imperial Age
28:36 Hand Cart
28:35 Heavy Plow
28:46 Scale Barding Armor
30:01 Chain Barding Armor
29:37 Stone Mining
30:45 Bloodlines
30:35 Husbandry
30:47 Forging
30:34 Elite Leitis
32:19 Plate Barding Armor
34:12 Iron Casting
chinsa_yama
10:55 Feudal Age
14:30 Castle Age
12:39 Double-Bit Axe
12:47 Horse Collar
15:50 Bow Saw
18:21 Loom
28:20 Imperial Age
26:28 Wheelbarrow
26:00 Scale Barding Armor
26:08 Forging
26:06 Grand Trunk Road
26:25 Heavy Plow
26:17 Gold Mining
26:37 Stone Mining
26:51 Husbandry
27:27 Bloodlines
27:45 Chain Barding Armor
28:42 Iron Casting
28:41 Hand Cart
28:26 Heavy Camel Rider
31:06 Plate Barding Armor
32:04 Blast Furnace
31:16 Imperial Camel Rider
Reis
9:58 Feudal Age
15:24 Castle Age
13:50 Loom
15:50 Scale Barding Armor
16:14 Double-Bit Axe
17:36 Fletching
21:09 Bodkin Arrow
27:46 Bow Saw
30:30 Horse Collar
31:12 Gold Mining
WiLSoN
10:05 Feudal Age
12:21 Loom
14:47 Castle Age
13:03 Double-Bit Axe
15:23 Wheelbarrow
15:27 Horse Collar
30:31 Imperial Age
28:47 Scale Mail Armor
29:12 Forging
29:42 Bow Saw
29:42 Squires
29:45 Town Watch
30:18 Hand Cart
30:13 Loom
30:41 Elite Fire Lancer
31:50 Chain Mail Armor
32:11 Iron Casting
34:12 Plate Mail Armor
Rionosis
11:26 Feudal Age
15:46 Castle Age
14:25 Stone Mining
14:56 Double-Bit Axe
15:23 Loom
16:27 Fletching
16:25 Horse Collar
20:40 Bow Saw
22:43 Town Watch
23:33 Wheelbarrow
26:16 Heavy Plow
26:55 Hand Cart
26:55 Gold Mining
Chacal90z
10:28 Feudal Age
15:25 Castle Age
13:28 Double-Bit Axe
13:52 Horse Collar
17:16 Bow Saw
23:58 Wheelbarrow
24:09 Scale Barding Armor
25:28 Chain Barding Armor
25:58 Husbandry
26:28 Marauders
26:44 Bloodlines
26:54 Forging
27:32 Hand Cart
30:45 Imperial Age
29:28 Iron Casting
29:44 Gold Mining
32:18 Plate Barding Armor
orangefaser
9:32 Feudal Age
14:07 Castle Age
12:30 Double-Bit Axe
14:07 Horse Collar
18:36 Fletching
18:56 Loom
Thadu123
4:43 Loom
7:38 Loom
9:37 Feudal Age
10:19 Double-Bit Axe
10:16 Horse Collar
20:31 Castle Age
19:19 Stone Mining
24:11 Wheelbarrow
23:25 Town Watch
25:42 Hand Cart
26:20 Bow Saw
26:14 Heavy Plow
27:10 Bloodlines
27:07 Scale Barding Armor
27:12 Forging
28:27 Gold Mining
29:51 Chain Barding Armor
31:14 Gold Shaft Mining
32:02 Iron Casting
34:31 Imperial Age
32:20 Steppe Husbandry
32:41 Fletching
Connection lost

Rejoining the realm…

Still unreachable

The connection could not be restored.

Session expired

The server has moved on; the page needs a fresh start.